 Dungeon Crawl Stone Soup version 0.27.1-15-g792fb953b9 (webtiles) character file.

Game seed: 5922507013369137417

30713 unlimited1921 the Cleaver (level 13, -16/133 HPs)
             Began as a Troll Fighter on Nov 19, 2021.
             Was an Initiate of Gozag.
             Demolished by a skeletal warrior (18 damage)
             ... on level 14 of the Dungeon.
             The game lasted 02:18:52 (17290 turns).

unlimited1921 the Cleaver (Troll Fighter)          Turns: 17290, Time: 02:18:52

Health: -16/133    AC: 14    Str: 31    XL:     13   Next: 22%
Magic:  12/12      EV: 11    Int:  4    God:    Gozag
Gold:   806        SH:  0    Dex:  9    Spells: 12/12 levels left

rFire    . . .     SeeInvis .   s - +2 war axe (vamp)
rCold    + . .     Faith    .   c - +1 kite shield
rNeg     . . .     Spirit   .   Z - +2 robe {rC+}
rPois    .         Reflect  +   U - +2 hat
rElec    .         Harm     .   b - +2 cloak
rCorr    .         Rampage  .   (gloves unavailable)
Will     .....                  (boots unavailable)
Stlth    +.........             p - amulet of reflection
HPRegen  1.32/turn              k - +4 ring of slaying
MPRegen  0.13/turn              N - +4 ring of protection

@: confused, lethally poisoned (-16 -> -18), ambrosia-drunk
A: large, unfitting armour, claws 3, regeneration 1, shaggy fur 1, tough skin 1,
deformed body, MP-powered wands, noise suppression
a: Renounce Religion, Potion Petition, Call Merchant, Bribe Branch


You were on level 14 of the Dungeon.
You worshipped Gozag.
Gozag was pleased with you.
You visited 2 branches of the dungeon, and saw 15 of its levels.
You also visited: Sewer and Ossuary.

You collected 2418 gold pieces.
You spent 923 gold pieces at shops.
You paid 689 gold pieces to Gozag.

Inventory:

Hand Weapons
 a - a +0 long sword
 n - a +0 dagger of distortion
 s - a +2 vampiric war axe (weapon)
 L - a +2 hand axe of flaming
 R - a +0 hand crossbow
 S - a +4 dagger of electrocution
 V - a +3 short sword of freezing
Missiles
 i - 252 poisoned darts
 l - 220 bolts
 m - a throwing net
 u - 24 boomerangs (quivered)
 I - 6 curare-tipped darts
 Y - 5 atropa-tipped darts
Armour
 b - a +2 cloak (worn)
 c - a +1 kite shield (worn)
 J - a scarf of harm
 U - a +2 hat (worn)
 X - a scarf of invisibility
 Z - a +2 robe of cold resistance (worn)
Jewellery
 k - a +4 ring of slaying (left claw)
 p - an amulet of reflection (around neck)
 x - a ring of flight
 C - a ring of ice
 D - a +6 ring of strength
 G - a +4 ring of evasion
 M - a +4 ring of slaying
 N - a +4 ring of protection (right claw)
 O - an amulet of the acrobat
 P - a ring of see invisible
 T - a ring of poison resistance
 W - a ring of resist corrosion
Wands
 t - a wand of digging (7)
 w - a wand of acid (9)
 F - a wand of iceblast (3)
 Q - a wand of polymorph (21)
Scrolls
 f - 5 scrolls of identify
 h - 3 scrolls of immolation
 j - 4 scrolls of enchant armour
 o - a scroll of magic mapping
 r - a scroll of holy word
 v - 3 scrolls of fog
 y - 4 scrolls of teleportation
 H - a scroll of blinking
Potions
 d - a potion of might
 g - a potion of flight
 q - 3 potions of brilliance
 z - 2 potions of invisibility
 A - 2 potions of ambrosia
 B - 2 potions of lignification
 E - a potion of berserk rage
 K - a potion of haste


   Skills:
 * Level 9.8 Fighting
 - Level 2.6 Long Blades
 - Level 11.0 Axes
 * Level 7.5 Throwing
 + Level 6.4 Dodging
 + Level 1.8 Stealth
 * Level 8.2 Shields
 + Level 0.5 Unarmed Combat
 + Level 0.6 Evocations


You had 12 spell levels left.
You didn't know any spells.
Your spell library contained the following spells:

 Spells                   Type           Power      Damage    Failure   Level
 Apportation              Tloc           0%         N/A       54%         1
 Corona                   Hex            0%         N/A       54%         1
 Magic Dart               Conj           0%         1d3       54%         1
 Pain                     Necr           0%         1d4       54%         1
 Call Imp                 Summ           0%         N/A       69%         2
 Ensorcelled Hibernation  Hex/Ice        0%         N/A       69%         2
 Slow                     Hex            0%         N/A       69%         2
 Confusing Touch          Hex            0%         N/A       89%         3
 Conjure Flame            Conj/Fire      0%         6-21      89%         3
 Mephitic Cloud           Conj/Pois/Air  0%         N/A       89%         3
 Ozocubu's Armour         Ice            0%         N/A       89%         3
 Teleport Other           Tloc           0%         N/A       89%         3
 Tukima's Dance           Hex            0%         N/A       89%         3
 Vampiric Draining        Necr           0%         2d6       89%         3
 Agony                    Necr           0%         N/A       100%        5
 Bolt of Magma            Conj/Fire/Erth 0%         4d4       100%        5
 Excruciating Wounds      Necr           0%         N/A       100%        5
 Yara's Violent Unravell  Hex/Tmut       0%         3d3       100%        5
 Simulacrum               Ice/Necr       0%         N/A       100%        6
 Malign Gateway           Summ/Tloc      0%         N/A       100%        7
 Summon Hydra             Summ           0%         N/A       100%        7


Dungeon Overview and Level Annotations

Branches:
Dungeon (14/15)            Temple (1/1) D:7            Lair (0/6) D:11
    Orc (0/2) D:12         Vaults (0/5) D:13          Sewer (visited)
Ossuary (visited)

Altars:
Ashenzari
Dithmenos
Fedhas
Gozag
Hepliaklqana
Kikubaaqudgha
Makhleb
Nemelex Xobeh
Qazlal
Ru
Sif Muna
Trog
Vehumet
Wu Jian
Yredelemnul
Zin
The Shining One
Beogh

Shops:
D:11 *(*(*   D:13 [   D:14 *


Innate Abilities, Weirdness & Mutations

You are too large for most types of armour.
You have claws for hands.
Your natural rate of healing is unusually fast.
You are covered in fur. (AC +1)
You have tough skin. (AC +1)
Armour fits poorly on your strangely shaped body.
You expend magic power (3 MP) to strengthen your wands.
You passively dampen the noise of your surroundings.


Message History

You block the vampire mosquito's attack.
You feel sick.
You block the vampire mosquito's attack. x2
You feel sick.
You block the vampire mosquito's attack.
The vampire mosquito bites you but does no damage. x2
You feel sick.
You block the vampire mosquito's attack.
You feel sick.
You see here a ring of poison resistance.
T - a ring of poison resistance You feel sick.
The vampire mosquito bites you but does no damage.
The vampire mosquito barely misses you.
The skeletal warrior hits you from afar with a +1 halberd of venom!!
* * * LOW HITPOINT WARNING * * *
You are more poisoned.
You block the skeletal warrior's attack.
The vampire mosquito bites you but does no damage.
You feel better.
You block the vampire mosquito's attack.
The vampire mosquito bites you.
* * * LOW HITPOINT WARNING * * *
The vampire mosquito draws strength from your injuries!
You block the vampire mosquito's attack.
The skeletal warrior hits you from afar with a +1 halberd of venom.
* * * LOW HITPOINT WARNING * * *
You are lethally poisoned!
The skeletal warrior hits you from afar with a +0 halberd.
* * * LOW HITPOINT WARNING * * *
You are confused.
You feel invigorated.
* * * LOW HITPOINT WARNING * * *
You feel very sick.
The vampire mosquito bites you but does no damage. x2
The vampire mosquito barely misses you.
The vampire mosquito bites you but does no damage.
The skeletal warrior hits you from afar with a +1 halberd of venom!!
You die...
Your body crumbles into a pile of gold.

...≈...#......>..#.....z
.................##.....
#....∩..........###.....
#..............####....
#.≈...§.........# ##...
#...............## #...
#..............##....
.?....##..............#..##.
.......##..@............# ##
....... ##yyz..........##
........###zzz.........##
........##...###.......#
........##..## ######..#
........#..#.....# #..#
..........#.z...... ..#
#........##z....... ..
##[.....# ........


You could see 4 skeletal warriors and 2 vampire mosquitoes.

Vanquished Creatures
  Gastronok (D:9)
  3 hydras
  Fannar (D:11)
  A boulder beetle (D:12)
  2 centaur warriors (D:13)
  Erica (D:11)
  3 two-headed ogres
  A manticore (D:13)
  An ugly thing (D:12)
  A cyclops (D:12)
  Maurice (D:11)
  4 molten gargoyles (D:11)
  3 gargoyles
  Psyche (D:11)
  An unseen horror (D:9)
  3 kobold demonologists
  2 komodo dragons
  2 trolls
  3 meliai
  Grinder (D:6)
  3 shadows (D:9)
  3 hogs (D:7)
  A wraith (D:12)
  13 yaks
  4 wyverns
  A steam dragon (D:9)
  A human (D:7)
  6 vampire mosquitoes
  2 wargs (D:11)
  An acid dragon (D:9)
  10 orc warriors
  4 ice beasts
  A black bear (D:5)
  2 necrophages
  2 sky beasts (D:6)
  2 hornet zombies (Ossuary)
  An ogre (D:7)
  15 centaurs
  A phantom (D:7)
  32 kobold brigands
  A bullfrog (D:5)
  3 wyvern zombies
  3 scorpions
  A water moccasin zombie (Ossuary)
  A water moccasin skeleton (D:4)
  6 killer bees (D:10)
  5 wights (D:9)
  5 howler monkeys
  A lava snake (D:11)
  9 centaur zombies
  5 bullfrog zombies (Ossuary)
  5 hounds
  13 orc priests
  A centaur skeleton (D:6)
  6 iguanas
  15 orc wizards
  A killer bee zombie (Ossuary)
  A hound skeleton (D:6)
  12 mummies (Ossuary)
  8 gnolls
  9 adders
  A howler monkey skeleton (D:6)
  6 howler monkey zombies
  3 river rats
  5 worms
  3 dart slugs
  48 orcs
  6 endoplasms
  5 giant cockroaches
  6 goblins
  5 hobgoblins
  27 kobolds
  4 quokkas
  9 ball pythons
  2 bats
  3 frilled lizards
  11 rats
  A bush (D:9)
397 creatures vanquished.

Vanquished Creatures (others)
  2 dancing weapons (D:12)
  2 kobold brigands (D:10)
  3 orc wizards
  5 fungi (D:5)
  7 plants
  7 withered plants (Ossuary)
26 creatures vanquished.

Grand Total: 423 creatures vanquished

Notes
Turn   | Place    | Note
-------+----------+-------------------------------------------
     0 | D:1      | unlimited1921 the Troll Fighter began the quest for the
                  | Orb.
     0 | D:1      | Reached XP level 1. HP: 22/22 MP: 0/0
   514 | D:1      | Reached XP level 2. HP: 29/29 MP: 1/1
   952 | D:2      | Reached XP level 3. HP: 31/37 MP: 2/2
  1234 | D:2      | Found a faded altar of an unknown god.
  1502 | D:3      | Reached XP level 4. HP: 25/45 MP: 3/3
  2021 | D:3      | Reached XP level 5. HP: 53/53 MP: 4/4
  2458 | D:4      | Reached skill level 1 in Axes
  2639 | D:4      | Reached skill level 2 in Axes
  2659 | D:4      | Reached XP level 6. HP: 61/61 MP: 5/5
  2900 | D:4      | Found a sand-covered staircase.
  2945 | D:4      | Found a sacrificial altar of Ru.
  2963 | Ossuary  | Entered an ossuary
  2998 | Ossuary  | Reached skill level 3 in Axes
  3014 | Ossuary  | Reached XP level 7. HP: 64/68 MP: 6/6
  3114 | Ossuary  | Reached skill level 4 in Axes
  3328 | Ossuary  | Reached XP level 8. HP: 78/79 MP: 7/7
  3339 | Ossuary  | Reached skill level 5 in Axes
  3644 | D:4      | Found a sparkling altar of Nemelex Xobeh.
  4580 | D:5      | Entered Level 5 of the Dungeon
  4673 | D:5      | Reached skill level 6 in Axes
  5501 | D:6      | Found a glowing drain.
  5627 | D:6      | Reached skill level 5 in Fighting
  5645 | Sewer    | Entered a sewer
  5675 | Sewer    | Reached XP level 9. HP: 88/88 MP: 8/8
  6154 | Sewer    | Reached skill level 7 in Axes
  6509 | D:6      | Noticed Grinder
  6521 | D:6      | Killed Grinder
  6887 | D:6      | Found a burning altar of Makhleb.
  7069 | D:7      | Reached skill level 5 in Shields
  7388 | D:7      | You fall into a shaft and drop 1 floor!
  7431 | D:8      | Found a shimmering blue altar of Sif Muna.
  7574 | D:8      | Got the Handbook of the Creative Traveller
  8559 | D:7      | Found a staircase to the Ecumenical Temple.
  8584 | D:7      | Reached skill level 1 in Throwing
  8603 | D:7      | Reached XP level 10. HP: 88/100 MP: 9/9
  8606 | D:7      | Reached skill level 8 in Axes
  9908 | Temple   | Entered the Ecumenical Temple
  9983 | Temple   | Became a worshipper of Gozag Ym Sagoz the Greedy
 10147 | D:9      | Noticed Gastronok
 10186 | D:9      | Killed Gastronok
 10187 | D:9      | Reached skill level 9 in Axes
 10187 | D:9      | Reached skill level 5 in Dodging
 10187 | D:9      | Reached skill level 1 in Stealth
 10288 | D:9      | Got Sif Muna's Volume of Freezing Ignition
 10390 | D:9      | Found a hazy altar of Hepliaklqana.
 10486 | D:9      | Reached XP level 11. HP: 104/109 MP: 10/10
 10955 | D:9      | Reached skill level 5 in Throwing
 11065 | D:9      | Found a glowing golden altar of the Shining One.
 11341 | D:10     | Entered Level 10 of the Dungeon
 11667 | D:10     | Noticed a two-headed ogre
 11675 | D:10     | Killed a two-headed ogre
 11924 | D:10     | Reached skill level 10 in Axes
 12385 | D:11     | Found Sofetusch's Antique Weapon Boutique.
 12397 | D:11     | Noticed Maurice
 12414 | D:11     | Killed Maurice
 12415 | D:11     | Reached XP level 12. HP: 118/122 MP: 11/11
 12425 | D:11     | Found Siahenan's General Store.
 12425 | D:11     | Noticed Fannar
 12469 | D:11     | Killed Fannar
 12680 | D:11     | Bought a scroll of identify for 24 gold pieces
 12680 | D:11     | Bought a potion of curing for 36 gold pieces
 12680 | D:11     | Bought a scroll of enchant weapon for 90 gold pieces
 12680 | D:11     | Bought a potion of heal wounds for 60 gold pieces
 12701 | D:11     | Bought a potion of invisibility for 96 gold pieces
 12701 | D:11     | Bought a scroll of identify for 24 gold pieces
 12759 | D:11     | Gained mutation: You passively dampen the noise of your
                  | surroundings. [potion of mutation]
 12759 | D:11     | Gained mutation: You expend magic power (3 MP) to
                  | strengthen your wands. [potion of mutation]
 12759 | D:11     | Gained mutation: Armour fits poorly on your strangely
                  | shaped body. [potion of mutation]
 12768 | D:11     | Found Pomy's General Store.
 12778 | D:11     | Found Beaxean's Assorted Antiques.
 12838 | D:11     | Found a staircase to the Lair.
 12991 | D:11     | Noticed a two-headed ogre
 13147 | D:11     | Bought a scroll of identify for 66 gold pieces
 13293 | D:11     | Noticed Psyche
 13316 | D:11     | Killed Psyche
 13514 | D:11     | Noticed Erica
 13529 | D:11     | Killed Erica
 13633 | D:11     | Killed a two-headed ogre
 13865 | D:11     | Bought a scroll of enchant armour for 97 gold pieces
 13865 | D:11     | Bought a wand of iceblast (3) for 91 gold pieces
 13865 | D:11     | Bought a potion of curing for 39 gold pieces
 13888 | D:11     | Bought a runed scarf for 264 gold pieces
 13902 | D:11     | Found Poduhuufri's Weapon Shoppe.
 14225 | D:12     | Noticed a two-headed ogre
 14235 | D:12     | Killed a two-headed ogre
 14300 | D:12     | Noticed a six-headed hydra
 14311 | D:12     | Killed a one-headed hydra
 14355 | D:12     | Noticed a four-headed hydra
 14372 | D:12     | Killed a one-headed hydra
 14639 | D:12     | Reached skill level 11 in Axes
 14707 | D:12     | Noticed a boulder beetle
 14723 | D:12     | Killed a boulder beetle
 14955 | D:12     | Found an ornate altar of the Wu Jian Council.
 15098 | D:12     | Found a staircase to the Orcish Mines.
 15423 | D:13     | Found a gate to the Vaults.
 16097 | D:11     | Bought a scroll of teleportation for 36 gold pieces
 16261 | D:12     | Reached XP level 13. HP: 99/131 MP: 12/12
 17118 | D:13     | Found Repevuhe's Antique Armour Shoppe.
 17204 | D:14     | HP: 6/133 [poisoned by a skeletal warrior]
 17214 | D:14     | Found Poenecyi's Elemental Accessories.
 17288 | D:14     | HP: 1/133 [skeletal warrior (18)]
 17290 | D:14     | Demolished by a skeletal warrior

Illustrated notes

Levels and vault maps discovered:
D:1:      dpeg_arrival_tiny_d, layout_loops_ring, nrook_mini_vaults
D:2:      layout_basic, hellmonk_ecumenical_altar_pennies_from_heaven
D:3:      layout_loops_ring
D:4:      layout_layer_cave, nicolae_overflow_hidden_temple, enter_ossuary_1,
          hangedman_minor_gate_pass
D:5:      layout_loops_ring, serial_aquarium, aquarium_bridge_straight
          [aquarium_subvault_bridge, aquarium_subvault_window,
          aquarium_subvault_bridge, aquarium_subvault_wall], aquarium_window_1,
          aquarium_window_1, aquarium_view_2e, minmay_misc_feat_ornament,
          kennysheep_doodads
D:6:      layout_basic, makhleb_blood_cavern_becter, portal_sewer_entry_a,
          uniq_grinder
D:7:      kennysheep_spiral_hall, layout_rooms, minmay_temple_entry_hall,
          grunt_livestock, minmay_increasing_density
D:8:      layout_loops_corners, lemuel_crystal_altar, grunt_decor_one_mirror,
          hangedman_decor_slide_cut
D:9:      layout_long_grid, nicolae_tso_carved_into_rock,
          mainiacjoe_overflow_concentric_impassable, kb_lookout_dungeons_type,
          minmay_joined_circles, uniq_gastronok
D:10:     layout_roguey [special_room_kobold]
D:11:     layout_irregular_city, erik_lair_orcish_takeover, serial_shops,
          nicolae_shop_waterfront, kennysheep_mini, shop,
          nicolae_shop_behind_doors, shop, minivault_8, uniq_psyche,
          uniq_maurice, uniq_fannar, uniq_erica
D:12:     layout_roguey, david_orc_5, nzn_wu_jian_council_hall
D:13:     layout_small_grid, erik_vaults_1, serial_shops,
          nicolae_shop_overgrown_old_shop
D:14:     layout_cave_pods, minmay_staircase_windowed_small,
          nicolae_elemental_shop, due_unseen_surprise
Temple:   eino_temple_rhombus

Skill      XL: |  1  2  3  4  5  6  7  8  9 10 11 12 13 |
---------------+----------------------------------------+-----
Fighting       | 3 4 5 6 7 8 9 |  9.8
Long Blades    | 2 |  2.6
Shields        | 3 4 5 6 7 8 |  8.2
Axes           | 2 3 4 6 7 9 10 11 | 11.0
Dodging        | 3 4 5 6 |  6.4
Throwing       | 1 4 5 7 |  7.5
Stealth        | 1 |  1.8
Unarmed Combat | |  0.5
Evocations     | |  0.6

Action                   |  1- 3 |  4- 6 |  7- 9 | 10-12 | 13-15 || total
-------------------------+-------+-------+-------+-------+-------++-------
Melee: Long sword        |    68 |    15 |       |       |       ||    83
       War axe           |       |   112 |   404 |   589 |    39 ||  1144
       Scimitar          |       |       |       |    15 |       ||    15
       Unarmed           |       |       |       |     1 |       ||     1
       Hand axe          |       |       |       |       |     6 ||     6
Throw: Dart              |       |       |     1 |    42 |    12 ||    55
       Boomerang         |       |       |       |    18 |     7 ||    25
Invok: Potion Petition   |       |       |       |     1 |       ||     1
Evoke: Wand              |       |       |       |    12 |     3 ||    15
  Use: Scroll            |       |     5 |     9 |    17 |     6 ||    37
       Potion            |       |       |     3 |    12 |     6 ||    21
 Stab: Sleeping          |     1 |     1 |     1 |       |       ||     3
       Distracted        |       |       |     2 |     2 |       ||     4
Armor: Robe              |    14 |    35 |    68 |    95 |    25 ||   237
       Skin              |       |       |       |    12 |       ||    12
Dodge: Dodged            |    32 |    36 |   109 |   159 |    22 ||   358
Block: Kite shield       |    33 |   116 |   353 |   473 |    85 ||  1060
       Reflection        |       |       |    12 |    35 |    13 ||    60
       Other             |       |       |       |    10 |       ||    10
       Rpst.: Long sword |     8 |     3 |       |       |       ||    11
       Scimitar          |       |       |       |     1 |       ||     1
